 Dungeon Crawl Stone Soup version 0.31-a0-152-g6aa68a64a1 (webtiles) character file.

Game seed: 13630760872935594755

348815 Jeffwins the Spry (level 23, -5/151 HPs)
             Began as a Djinni Wanderer on June 10, 2023.
             Was an Initiate of Gozag.
             Slain by a deep troll (25 damage)
             ... led by an ironbound preserver
             ... on level 4 of the Vaults.
             The game lasted 01:56:35 (49032 turns).

Jeffwins the Spry (Djinni Wanderer)                Turns: 49032, Time: 01:56:36

Health: -5/151     AC: 18    Str: 10    XL:     23   Next: 18%
Gold:   8747       EV: 19    Int: 34    God:    Gozag SH: 11 Dex: 14

rFire   + + .        R - staff of cold
rCold   + + .        y - +3 warlock's mirror {omnireflect}
rNeg    . . .        c - +4 moon troll leather armour {Spirit, Regen++ MP+5}
rPois   ∞            p - +2 helmet {Int+3}
rElec   .            a - +1 cloak of Servitude {rF+ rC+}
rCorr   .            j - +1 pair of gloves
SInv    .            (boots unavailable)
Will    ++...        g - amulet of regeneration
Stlth   +++          I - +6 ring of intelligence
HPRegen 2.85/turn    C - ring of ice
MPRegen 0.00/turn

%: random rage (3%), reflection, guardian spirit, infuse magic (-6 HP)
@: flying, studying Shields
A: sickness immunity, fire resistance 2, cold vulnerability 1, float, innate
caster, HP casting, extra vitality 1, berserk 1, frail 1
}: 2/15 runes: serpentine, barnacled
a: Renounce Religion, Potion Petition, Call Merchant, Bribe Branch


You were on level 4 of the Vaults.
You worshipped Gozag.
Gozag was greatly pleased with you.
You visited 7 branches of the dungeon, and saw 34 of its levels.
You visited 1 bazaar.
You also visited: Bailey, Ice Cave and Wizlab.

You collected 19635 gold pieces.
You spent 6430 gold pieces at shops.
You paid 4458 gold pieces to Gozag.


Innate Abilities, Weirdness & Mutations

You are immune to sickness and miasma.
You are immune to poison.
Your flesh is very heat resistant. (rF++)
You are vulnerable to cold. (rC-)
You float through the air rather than walking.
You learn spells naturally, not from books.
Your magical power is your life essence.
You have superior vitality. (+4 MHP)
You sometimes lose your temper in combat.
You are frail. (-10% HP)


   Skills:
 + Level 15.9 Fighting
 - Level 6.0 Throwing
 + Level 11.8 Armour
 + Level 17.2 Dodging
 - Level 6.0 Stealth
 + Level 17.0 Shields
 * Level 16.0 Spellcasting
 * Level 16.0 Conjurations
 * Level 16.0 Hexes
 * Level 16.0 Summonings
 * Level 16.0 Necromancy
 * Level 16.0 Translocations
 * Level 16.0 Transmutations
 * Level 16.0 Fire Magic
 * Level 16.0 Ice Magic
 * Level 16.0 Air Magic
 * Level 16.0 Earth Magic
 * Level 16.0 Poison Magic
 + Level 15.9 Evocations


You knew the following spells:

 Your Spells              Type           Power      Damage    Failure   Level
a - Starburst             Conj/Fire      47%        6d13      1%          6
b - Stone Arrow           Conj/Erth      100%       3d13      0%          3
c - Airstrike             Air            47%        2d(7-23)  1%          4
d - Magic Dart            Conj           100%       1d8       0%          1
e - Storm Form            Tmut/Air       47%        N/A       2%          7
h - Summon Hydra          Summ           47%        N/A       2%          7
i - Swiftness             Air            94%        N/A       0%          3
o - Portal Projectile     Hex/Tloc       100%       N/A       0%          3
v - Summon Mana Viper     Hex/Summ       94%        N/A       1%          5
x - Leda's Unmaking       Conj/Erth      47%        9d8       1%          6
y - Agony                 Necr           94%        N/A       1%          5
z - Ozocubu's Refrigerat  Ice            70%        4d23      2%          7
I - Blink                 Tloc           100%       N/A       0%          2
X - Ignite Poison         Fire/Tmut/Pois 94%        N/A       0%          3
Y - Kiss of Death         Conj/Necr      100%       2d13      0%          1
Z - Shock                 Conj/Air       100%       1d9       0%          1

Your spell library contained the following spells:

 Spells                   Type           Power      Damage    Failure   Level


Inventory:

Hand Weapons
 E - the +4 scimitar "Concordance" {flame, rCorr Dex+3}
   (You took it off a merfolk impaler on level 4 of the Shoals)

   Dex:       It affects your dexterity (+3).
   rCorr:     It protects you from acid and corrosion.
 O - the +5 rapier "Beastbane" {heavy, rPois Will+ MP+9}
   (You found it in a wizard's laboratory)

   rPois:     It protects you from poison.
   MP:        It affects your magic capacity (+9).
   Will:      It increases your willpower.
Missiles
 J - 32 poisoned darts
Armour
 a - the +1 cloak of Servitude (worn) {rF+ rC+}
   (You found it on level 2 of the Snake Pit)

   rF:        It protects you from fire.
   rC:        It protects you from cold.
 c - the +4 moon troll leather armour (worn) {Spirit, Regen++ MP+5}
   (You took it off a moon troll in a wizard's laboratory)

   MP:        It affects your magic capacity (+5).
   Regen:     It increases your rate of health regeneration.
 j - a +1 pair of gloves (worn)
 k - the +1 leather armour "Ehes" {rElec rPois rC++ MP-9}
   (You bought it in a shop on level 13 of the Dungeon)

   rC:        It greatly protects you from cold.
   rElec:     It insulates you from electricity.
   rPois:     It protects you from poison.
   MP:        It affects your magic capacity (-9).
 p - a +2 helmet of intelligence (worn)
 y - the +3 warlock's mirror (worn) {omnireflect}
   (You bought it in a shop on level 1 of the Shoals)

   Omnireflect: It can block and reflect piercing ranged attacks and magical
   attacks against the wielder's willpower.
Magical Staves
 s - a staff of earth
 N - a staff of air
 R - a staff of cold (weapon)
 Z - a staff of fire
Jewellery
 g - an amulet of regeneration (around neck)
 v - a ring of see invisible
 C - a ring of ice (right hand)
 G - a ring of willpower
 I - a +6 ring of intelligence (left hand)
Wands
 o - a wand of roots (9)
 z - a wand of digging (11)
 K - a wand of charming (21)
 S - a wand of quicksilver (31)
 Y - a wand of polymorph (3)
Scrolls
 e - 7 scrolls of poison
 f - 4 scrolls of brand weapon
 h - 6 scrolls of fear
 m - 8 scrolls of fog
 q - 2 scrolls of magic mapping
 w - 5 scrolls of immolation {!r}
 x - 5 scrolls of blinking
 B - 8 scrolls of enchant armour
 F - 5 scrolls of vulnerability {!r}
 M - 12 scrolls of teleportation {@r4}
 P - a scroll of butterflies
 Q - 8 scrolls of enchant weapon
Potions
 b - 5 potions of berserk rage {!q}
 i - 16 potions of curing {@q1}
 n - 3 potions of ambrosia
 r - 12 potions of brilliance
 t - 12 potions of enlightenment
 u - a potion of cancellation
 A - 2 potions of resistance
 L - 6 potions of might
 T - 9 potions of mutation {!q}
 U - 10 potions of invisibility
 W - 8 potions of heal wounds {@q2}
 X - 6 potions of haste {@q3}
Miscellaneous
 d - a phial of floods
 l - a condenser vane
 D - a sack of spiders
 H - a lightning rod (4/4)
 V - a phantom mirror

Dungeon Overview and Level Annotations

Branches:
Dungeon (15/15)            Temple (1/1) D:6            Lair (5/5) D:9
 Shoals (4/4) Lair:3        Snake (4/4) Lair:2        Slime (0/5) Lair:4
    Orc (0/2) D:12         Vaults (4/5) D:14          Crypt (0/3) Vaults:3
 Depths (1/4) D:15         Bailey (visited)           IceCv (visited)
 WizLab (visited)

Altars:
Ashenzari
Cheibriados
Dithmenos
Elyvilon
Fedhas
Gozag
Hepliaklqana
Makhleb
Nemelex Xobeh
Okawaru
Qazlal
Ru
Trog
Uskayaw
Wu Jian
Xom
Yredelemnul
Zin
The Shining One
Jiyva

Shops:
D:2 *   D:9 [   D:10 *=   D:13 (([!=   Lair:4 ?[=   Shoals:1 [   Shoals:2 (
Snake:1 ([   Vaults:2 [[

Portals:
Trove: D:15 (give 5 scrolls of fear)

▓......+...
▓▓
▓......▓...
▓.
▓......▓...
▓..
▓▓▓▓▓▓▓▓...
▓.. ▓▓▓▓
▓$.. ▓..$▓
▓$T▓▓▓▓▓▓▓
▓▓▓▓▓▓
▓@...▓.▓
▓.....
▓......▓
▓.....
▓....▓.▓
▓.....
+▓▓▓▓...▓▓▓▓
▓.....
▓?......▓
▓.....
▓.......▓
▓.....
▓....)..▓
▓.....
▓..[▓▓▓▓▓
▓..... ▓▓.▓▓
▓.....


You could see a deep troll (strong).


Message History

The deep troll is moderately wounded.
* * * LOW HITPOINT WARNING * * *
The deep troll is distracted by your dazzling golden aura.
Casting: Ozocubu's Refrigeration (dangerous; 2% risk of failure)
Confirm with . or Enter, or press ? or * to list all spells.
You feel a strong surge of power!
The heat is drained from your surroundings.
You kill the deep troll!
* * * LOW HITPOINT WARNING * * *
Unknown command.
Casting: Ozocubu's Refrigeration (dangerous; 2% risk of failure)
Confirm with . or Enter, or press ? or * to list all spells.
Aiming: Leda's Unmaking (mildly dangerous; 1% risk of failure)
Press: ? - help, Shift-Dir - straight line, f - deep troll
Aim: a deep troll (moderately wounded, strong, 78% to hit)
The entropic shot hits the deep troll!!!
The deep troll is almost dead.
* * * LOW HITPOINT WARNING * * *
The deep troll closely misses you. The deep troll completely misses you.
You block the deep troll's attack.
Casting: Leda's Unmaking (mildly dangerous; 1% risk of failure)
Confirm with . or Enter, or press ? or * to list all spells.
Aiming: Leda's Unmaking (mildly dangerous; 1% risk of failure)
Press: ? - help, Shift-Dir - straight line, f/p - deep troll
Aim: a deep troll (almost dead, strong, 78% to hit)
The entropic shot misses the deep troll.
* * * LOW HITPOINT WARNING * * *
The deep troll bites you!!
You die...
Your body crumbles into a pile of gold.

Skill      XL: |  1  2  3  4  5  6  7  8  9 10 11 12 13 14 15 16 17 18 19 20 21 22 23 |
---------------+----------------------------------------------------------------------+-----
Fighting       | 1 2 3 4 5 6 7 8 9 10 11 12 13 14 15 | 15.9
Stealth        | 1 2 3 4 6 |  6.0
Dodging        | 2 3 4 5 7 8 9 10 11 12 13 14 15 16 17 | 17.2
Evocations     | 2 3 4 5 6 7 8 9 10 11 12 13 14 15 | 15.9
Spellcasting   | 5 6 7 8 9 10 11 12 13 14 15 16 | 16.0
Conjurations   | 5 6 7 8 9 10 11 12 13 14 15 16 | 16.0
Hexes          | 5 6 7 8 9 10 11 12 13 14 15 16 | 16.0
Summonings     | 5 6 7 8 9 10 11 12 13 14 15 16 | 16.0
Necromancy     | 5 6 7 8 9 10 11 12 13 14 15 16 | 16.0
Translocations | 5 6 7 8 9 10 11 12 13 14 15 16 | 16.0
Transmutations | 5 6 7 8 9 10 11 12 13 14 15 16 | 16.0
Fire Magic     | 5 6 7 8 9 10 11 12 13 14 15 16 | 16.0
Ice Magic      | 5 6 7 8 9 10 11 12 13 14 15 16 | 16.0
Air Magic      | 5 6 7 8 9 10 11 12 13 14 15 16 | 16.0
Earth Magic    | 5 6 7 8 9 10 11 12 13 14 15 16 | 16.0
Poison Magic   | 5 6 7 8 9 10 11 12 13 14 15 16 | 16.0
Shields        | 2 3 5 6 7 8 9 10 11 12 13 14 15 16 17 | 17.0
Throwing       | 3 4 5 6 |  6.0
Armour         | 4 5 7 8 9 10 11 | 11.8

Action                     |  1- 3 |  4- 6 |  7- 9 | 10-12 | 13-15 | 16-18 | 19-21 | 22-24 || total
---------------------------+-------+-------+-------+-------+-------+-------+-------+-------++-------
  Melee: Dagger            |     2 |     9 |       |       |       |       |       |       ||    11
         Trident           |       |     1 |     1 |       |       |       |       |       ||     2
         Mace              |       |       |     1 |       |     1 |     4 |       |       ||     6
         Staff             |       |       |       |       |       |     5 |     3 |     2 ||    10
  Throw: Dart              |       |       |       |    13 |     3 |     7 |       |       ||    23
   Cast: Shock             |    57 |    56 |    59 |    16 |    13 |     1 |       |       ||   202
         Stone Arrow       |       |    12 |   131 |   241 |   345 |    48 |       |       ||   777
         Airstrike         |       |     1 |     6 |    54 |   321 |   266 |    10 |       ||   658
         Ignite Poison     |       |       |       |     3 |     2 |     3 |       |       ||     8
         Summon Mana Viper |       |       |       |       |    55 |    12 |       |       ||    67
         Starburst         |       |       |       |       |     1 |    18 |       |       ||    19
         Blink             |       |       |       |       |     1 |       |     1 |       ||     2
         Ozocubu's Refrige |       |       |       |       |       |   350 |   455 |   188 ||   993
         Leda's Unmaking   |       |       |       |       |       |       |   135 |    37 ||   172
         Storm Form        |       |       |       |       |       |       |     1 |       ||     1
 Invoke: Call Merchant     |       |       |       |     1 |     3 |     1 |       |       ||     5
  Evoke: Wand              |       |       |     1 |       |    16 |     9 |       |       ||    26
         Phantom mirror    |       |       |       |       |     1 |       |     1 |       ||     2
         Phial of floods   |       |       |       |       |       |       |     1 |     1 ||     2
         Condenser vane    |       |       |       |       |       |       |     1 |     1 ||     2
    Use: Potion            |       |     1 |       |     1 |     3 |       |       |     1 ||     6
         Scroll            |       |       |     8 |     3 |    21 |     6 |     3 |       ||    41
   Stab: Sleeping          |     1 |     1 |     1 |       |       |       |       |       ||     3
 Armour: Leather armour    |       |     1 |     5 |       |       |    12 |    20 |       ||    38
         Swamp dragon scal |       |       |     9 |     9 |       |       |       |       ||    18
         Ring mail         |       |       |       |       |    75 |     2 |       |       ||    77
         Troll leather arm |       |       |       |       |       |       |       |    14 ||    14
  Dodge: Dodged            |     2 |     6 |    33 |    34 |   134 |    57 |    72 |    49 ||   387
  Block: Buckler           |       |       |    11 |     8 |   100 |    37 |    46 |    41 ||   243
         Reflection        |       |       |       |       |     4 |       |    11 |    11 ||    26

Levels and vault maps discovered:
D:1:      scummos_arrival_simple_fountains, layout_rooms
D:2:      layout_loops_ring, serial_rivers, chequers_serial_rivers_micro_e,
          chequers_serial_rivers_large_b, chequers_serial_rivers_small_3,
          chequers_serial_rivers_small_a, serial_shops,
          nicolae_shop_real_fake_doors, roderic_roman_lattice, uniq_natasha
D:3:      layout_rooms, led_sif_pool, nicolae_overflow_hidden_temple,
          lemuel_crystal_altar, item_on_display_a, uniq_sigmund
D:4:      layout_loops_corners
D:5:      layout_cave_pods, kennysheep_generic_room_16
D:6:      layout_rooms, general_overflow_altar, kiku_gazebo_garden_becter,
          minmay_temple_entry_hall, minmay_misc_feat_room,
          corexii_item_surrounded_by_moat, uniq_maggie
D:7:      layout_rooms, regret_index_temple_of_mockery,
          mainiacjoe_overflow_big_doors, enter_bailey_4
D:8:      layout_loops_ring, mainiacjoe_overflow_paths
D:9:      layout_basic, erik_lair_island, chequers_serial_rivers_micro_a,
          chequers_serial_rivers_marsh
D:10:     layout_roguey, mainiacjoe_overflow_brackets, serial_aquarium,
          aquarium_bridge_square [aquarium_subvault_bridge,
          aquarium_subvault_bridge, aquarium_subvault_wall,
          aquarium_subvault_wall], aquarium_window_fake, aquarium_window_fake,
          aquarium_window_corridor_1, aquarium_window_fake, aquarium_view_2f,
          aquarium_view_2b, aquarium_pool_side, serial_shops,
          nicolae_shop_gaudy_bauble, hive_lemuel, uniq_urug, uniq_amaemon
D:11:     layout_basic, grunt_livestock, minmay_misc_feat_chi, uniq_erolcha
D:12:     minmay_chambers_of_sevens, layout_cave_pods, david_orc_5
D:13:     layout_stronghold, ebering_ghost_disaster_area, serial_shops, shop,
          shop, nicolae_shop_behind_doors, nicolae_stop_n_shop_2, shop,
          uniq_maurice, uniq_rupert
D:14:     layout_basic, david_vaults_1, minivault_4, uniq_kirke
D:15:     grunt_enter_depths_giant_problem, layout_cave_pods,
          nicolae_trove_entry_free_sample, cheibriados_altar_1,
          lemuel_nasty_fountain
Temple:   minmay_temple_curvy_loop
Lair:1:   wander_river, layout_chaotic_city, gammafunk_ghost_grave,
          pdpol_lair_cavern_descent
Lair:2:   layout_hall_layers, minmay_snake_entry_six_corridors,
          grunt_megastairs_2
Lair:3:   layout_loops_ring, shoals_dummy_entry
Lair:4:   dreamdust_cave_troll, layout_small_grid, minmay_slime_entry_pillars,
          special_room [special_room_mythical_zoo], nzn_random_ring,
          infiniplex_staircase_pool_2
Lair:5:   grunt_lair_end_beastmaster, layout_cave_shapes,
          nicolae_quartered_pool_impasse, grunt_forest_small_clearings,
          minmay_lair_oklob_items, dreamdust_mushroom_princess,
          serial_bayou_shore_a
Shoals:1: layout_shoals, serial_shops, shop, nicolae_shoals_arrival_archipelago,
          uniq_roxanne
Shoals:2: layout_shoals, gammafunk_ghost_grave, serial_shops, bzr_entry_water,
          nicolae_stop_n_shop_2, st_sunken_temple
Shoals:3: layout_shoals
Shoals:4: shoals_end_hellmonk_storm_palace [storm_palace_center_circular,
          storm_palace_corner_reverse_hut, storm_palace_corner_pillars,
          storm_palace_corner_reverse_hut, storm_palace_corner_narrow]
Snake:1:  onia_ninara_swampy_vault, layout_layer_cave, minmay_shoptagon
Snake:2:  layout_chambers, nicolae_snake_the_dead_are_slithering
Snake:3:  layout_gridlike, nicolae_snake_lava_pool, uniq_jorgrun, uniq_aizul
Snake:4:  grunt_snake_rune_spirals, layout_onion,
          portal_ice_cave_entry_ugly_swarm
Vaults:1: nicolae_vaults_closet_pinwheel_3, vaults_dpeg_cross,
          vaults_dpeg_emergency_exit, nicolae_vaults_security_offices_2,
          v_pattern_1, nicolae_vaults_windows_and_doors_thing,
          nicolae_vaults_more_shelving_2, vaults_room_door_hall,
          nicolae_vaults_closet_pinwheel_1, layout_vaults_omnigrid,
          uniq_asterion
Vaults:2: infiniplex_enter_wizlab_water, nicolae_vaults_diagonal_hallway_9,
          ontoclasm_vaults_ring_large, grunt_vaults_swirl,
          kennysheep_vaults_gozag_temple, nicolae_vaults_frosty_reception,
          nicolae_vaults_sightless_eye, nicolae_vaults_wine_cellar,
          nicolae_vaults_trapezoid_1, nicolae_vaults_diamond_2,
          layout_vaults_ring, uniq_frederick
Vaults:3: nicolae_vaults_yaktaur_gun_rack, nicolae_vaults_puzzle_piece,
          minmay_crypt_entry_necro_gods, nicolae_vaults_mush_room,
          ontoclasm_vaults_idyll, vaults_room_semicircle,
          nicolae_vaults_more_shelving_1, nicolae_vaults_weapon_check,
          nicolae_vaults_closet_pinwheel_1, nicolae_vaults_twisting_passages,
          nicolae_vaults_house_1, nicolae_vaults_apartment_1,
          vaults_room_hallway, layout_vaults_big_cross
Vaults:4: vaults_mumra_minichess, v_misc_27, nicolae_vaults_oval_intersection,
          vaults_room_pool, vaults_room_boxed, hangedman_vaults_variations,
          grunt_vaults_twisty, v_misc_18, layout_vaults_omnibox
Depths:1: layout_gridlike, serial_glass, glass_columns_c, glass_columns_c,
          glass_columns_a, glass_columns_a, rand_demon_pan_entry_4, hell_entry,
          nicolae_ashenzari_skybound, nicolae_shop_clearance

Notes
Turn   | Place    | Note
-------+----------+-------------------------------------------
     0 | D:1      | Jeffwins the Djinni Wanderer began the quest for the Orb.
     0 | D:1      | Jeffwins set off with the following items: a +0 dagger, a
                  | potion of berserk rage {!q}, a +0 robe, a wand of flame
                  | (4)the following spells memorised: Shock, Swiftness,
                  | Airstrike, Stone Arrow, Kiss of Death.
     0 | D:1      | Reached XP level 1. HP: 15/15 MP: 0/0
    53 | D:1      | Reached XP level 2. HP: 14/21 MP: 0/0
   474 | D:2      | Reached XP level 3. HP: 23/26 MP: 0/0
   474 | D:2      | Learned a level 1 spell: Magic Dart
   616 | D:2      | Reached skill level 1 in Fighting
   616 | D:2      | Reached skill level 1 in Stealth
   720 | D:2      | Noticed Natasha
   724 | D:2      | Killed Natasha
   725 | D:2      | Reached skill level 2 in Dodging
   725 | D:2      | Reached XP level 4. HP: 13/32 MP: 0/0
   824 | D:2      | Found Ber Avecu's Assorted Antiques.
   838 | D:2      | Bought a scroll labelled NYBRANW MEUSS for 22 gold pieces
   838 | D:2      | Bought a scroll labelled NYBRANW MEUSS for 22 gold pieces
   838 | D:2      | Bought a scroll labelled NYBRANW MEUSS for 22 gold pieces
   992 | D:2      | Noticed Natasha
   998 | D:2      | Killed Natasha
   999 | D:2      | Reached skill level 2 in Evocations
  1049 | D:2      | Noticed Natasha
  1051 | D:2      | Killed Natasha
  1052 | D:2      | Reached XP level 5. HP: 35/38 MP: 0/0
  1052 | D:2      | Learned a level 2 spell: Blink
  1759 | D:3      | Found a basalt altar of Yredelemnul.
  1861 | D:3      | Noticed Sigmund
  1868 | D:3      | Killed Sigmund
  1869 | D:3      | Reached skill level 2 in Fighting
  1869 | D:3      | Reached skill level 3 in Dodging
  1869 | D:3      | Reached skill level 2 in Stealth
  1869 | D:3      | Reached XP level 6. HP: 36/45 MP: 0/0
  1977 | D:2      | Bought a lumpy orange potion for 19 gold pieces
  1977 | D:2      | Bought a scroll labelled OHELAYH VAMOKH for 22 gold pieces
  1977 | D:2      | Bought a scroll labelled QEUNYADESA for 22 gold pieces
  2047 | D:3      | Found a blossoming altar of Fedhas.
  2357 | D:4      | Reached XP level 7. HP: 40/49 MP: 0/0
  2357 | D:4      | Learned a level 3 spell: Ignite Poison
  2473 | D:4      | Reached skill level 3 in Evocations
  3332 | D:4      | Reached skill level 3 in Fighting
  3490 | D:5      | Entered Level 5 of the Dungeon
  3548 | D:5      | Reached skill level 5 in Spellcasting
  3548 | D:5      | Reached skill level 5 in Conjurations
  3548 | D:5      | Reached skill level 5 in Hexes
  3548 | D:5      | Reached skill level 5 in Summonings
  3548 | D:5      | Reached skill level 5 in Necromancy
  3548 | D:5      | Reached skill level 5 in Translocations
  3548 | D:5      | Reached skill level 5 in Transmutations
  3548 | D:5      | Reached skill level 5 in Fire Magic
  3548 | D:5      | Reached skill level 5 in Ice Magic
  3548 | D:5      | Reached skill level 5 in Air Magic
  3548 | D:5      | Reached skill level 5 in Earth Magic
  3548 | D:5      | Reached skill level 5 in Poison Magic
  3853 | D:5      | Reached XP level 8. HP: 53/56 MP: 0/0
  3943 | D:5      | Identified the +0 mace of the Several People {drain, Will+}
  3951 | D:5      | Reached skill level 3 in Stealth
  3951 | D:5      | Reached skill level 1 in Shields
  4039 | D:5      | Reached skill level 4 in Dodging
  4793 | D:5      | Reached skill level 2 in Shields
  4793 | D:5      | Reached skill level 4 in Evocations
  4964 | D:6      | Noticed Maggie
  5010 | D:6      | Killed Maggie
  5011 | D:6      | Reached skill level 4 in Fighting
  5011 | D:6      | Reached XP level 9. HP: 33/62 MP: 0/0
  5011 | D:6      | Learned a level 3 spell: Portal Projectile
  5233 | D:6      | Reached skill level 5 in Dodging
  5300 | D:6      | Found an iron altar of Okawaru.
  5384 | D:6      | Reached skill level 4 in Stealth
  5384 | D:6      | Reached skill level 3 in Shields
  5516 | D:6      | Found a staircase to the Ecumenical Temple.
  5536 | Temple   | Entered the Ecumenical Temple
  5802 | Temple   | Became a worshipper of Gozag Ym Sagoz the Greedy
  5900 | D:6      | Reached skill level 6 in Spellcasting
  5900 | D:6      | Reached skill level 6 in Conjurations
  5900 | D:6      | Reached skill level 6 in Hexes
  5900 | D:6      | Reached skill level 6 in Summonings
  5900 | D:6      | Reached skill level 6 in Necromancy
  5900 | D:6      | Reached skill level 6 in Translocations
  5900 | D:6      | Reached skill level 6 in Transmutations
  5900 | D:6      | Reached skill level 6 in Fire Magic
  5900 | D:6      | Reached skill level 6 in Ice Magic
  5900 | D:6      | Reached skill level 6 in Air Magic
  5900 | D:6      | Reached skill level 6 in Earth Magic
  5900 | D:6      | Reached skill level 6 in Poison Magic
  6354 | D:7      | Found a shimmering altar of Xom.
  6355 | D:7      | Found a hazy altar of Hepliaklqana.
  6356 | D:7      | Noticed a spectral ugly thing
  6411 | D:7      | Reached skill level 5 in Evocations
  6483 | D:7      | Found a flagged portal.
  6534 | Bailey   | Entered a bailey
  6765 | Bailey   | Reached skill level 5 in Fighting
  6778 | Bailey   | Reached XP level 10. HP: 47/70 MP: 0/0
  7030 | Bailey   | Reached skill level 4 in Shields
  7136 | Bailey   | Noticed an orc knight
  7144 | Bailey   | Killed an orc knight
  7145 | Bailey   | Reached skill level 6 in Dodging
  7147 | Bailey   | Reached skill level 1 in Throwing
  7195 | Bailey   | Reached skill level 6 in Fighting
  7195 | Bailey   | Reached skill level 3 in Throwing
  7195 | Bailey   | Reached skill level 7 in Dodging
  7195 | Bailey   | Reached skill level 6 in Stealth
  7195 | Bailey   | Reached skill level 5 in Shields
  7195 | Bailey   | Reached skill level 7 in Spellcasting
  7195 | Bailey   | Reached skill level 7 in Conjurations
  7195 | Bailey   | Reached skill level 7 in Hexes
  7195 | Bailey   | Reached skill level 7 in Summonings
  7195 | Bailey   | Reached skill level 7 in Necromancy
  7195 | Bailey   | Reached skill level 7 in Translocations
  7195 | Bailey   | Reached skill level 7 in Transmutations
  7195 | Bailey   | Reached skill level 7 in Fire Magic
  7195 | Bailey   | Reached skill level 7 in Ice Magic
  7195 | Bailey   | Reached skill level 7 in Air Magic
  7195 | Bailey   | Reached skill level 7 in Earth Magic
  7195 | Bailey   | Reached skill level 7 in Poison Magic
  7195 | Bailey   | Reached skill level 6 in Evocations
  7195 | Bailey   | Reached XP level 11. HP: 78/78 MP: 0/0
  7195 | Bailey   | Learned a level 5 spell: Agony
  7282 | D:7      | Found a bloodstained altar of Trog.
  7292 | D:7      | Found a hide-covered altar of Uskayaw.
  7676 | D:8      | Found a burning altar of Makhleb.
  7848 | D:8      | Reached skill level 8 in Spellcasting
  7848 | D:8      | Reached skill level 8 in Conjurations
  7848 | D:8      | Reached skill level 8 in Hexes
  7848 | D:8      | Reached skill level 8 in Summonings
  7848 | D:8      | Reached skill level 8 in Necromancy
  7848 | D:8      | Reached skill level 8 in Translocations
  7848 | D:8      | Reached skill level 8 in Transmutations
  7848 | D:8      | Reached skill level 8 in Fire Magic
  7848 | D:8      | Reached skill level 8 in Ice Magic
  7848 | D:8      | Reached skill level 8 in Air Magic
  7848 | D:8      | Reached skill level 8 in Earth Magic
  7848 | D:8      | Reached skill level 8 in Poison Magic
  7860 | D:8      | Reached skill level 6 in Shields
  7860 | D:8      | Reached skill level 7 in Evocations
  9020 | D:9      | Reached skill level 7 in Fighting
  9752 | D:9      | Noticed a cyclops
  9758 | D:9      | Killed a cyclops
  9759 | D:9      | Reached skill level 8 in Dodging
  9759 | D:9      | Reached XP level 12. HP: 62/85 MP: 0/0
  9851 | D:9      | Noticed a two-headed ogre
  9884 | D:9      | Killed a two-headed ogre
  9885 | D:9      | Reached skill level 4 in Throwing
 10085 | D:9      | Found a staircase to the Lair.
 10709 | D:10     | Entered Level 10 of the Dungeon
 10910 | D:10     | Found an ornate altar of the Wu Jian Council.
 11368 | D:10     | Found Xyiplan's Jewellery Emporium.
 11374 | D:10     | Bought a +6 ring of intelligence for 540 gold pieces
 11750 | D:10     | Noticed Urug
 11750 | D:10     | Noticed Amaemon
 11932 | D:10     | Killed Urug
 11958 | D:10     | Reached skill level 7 in Shields
 11966 | D:10     | Killed Amaemon
 12239 | D:11     | Noticed Erolcha
 12247 | D:11     | Killed Erolcha
 12314 | D:11     | Reached skill level 8 in Evocations
 12708 | D:11     | Reached skill level 8 in Fighting
 12708 | D:11     | Reached skill level 9 in Spellcasting
 12708 | D:11     | Reached skill level 9 in Conjurations
 12708 | D:11     | Reached skill level 9 in Hexes
 12708 | D:11     | Reached skill level 9 in Summonings
 12708 | D:11     | Reached skill level 9 in Necromancy
 12708 | D:11     | Reached skill level 9 in Translocations
 12708 | D:11     | Reached skill level 9 in Transmutations
 12708 | D:11     | Reached skill level 9 in Fire Magic
 12708 | D:11     | Reached skill level 9 in Ice Magic
 12708 | D:11     | Reached skill level 9 in Air Magic
 12708 | D:11     | Reached skill level 9 in Earth Magic
 12708 | D:11     | Reached skill level 9 in Poison Magic
 12908 | D:11     | Reached skill level 9 in Dodging
 12911 | D:11     | Reached XP level 13. HP: 41/92 MP: 0/0
 12911 | D:11     | Learned a level 5 spell: Summon Mana Viper
 12919 | D:11     | Reached skill level 5 in Throwing
 14823 | D:12     | Found a staircase to the Orcish Mines.
 15633 | D:12     | Reached skill level 8 in Shields
 16230 | D:12     | Reached skill level 9 in Evocations
 16753 | Lair:1   | Entered Level 1 of the Lair of Beasts
 16833 | Lair:1   | Reached skill level 9 in Fighting
 17042 | Lair:1   | Found a runed translucent door.
 17042 | Lair:1   | Noticed Mihiasuf's ghost (journeyman MeEE)
 17053 | Lair:1   | Killed Mihiasuf's ghost
 17173 | Lair:1   | Reached skill level 10 in Dodging
 17175 | Lair:1   | Reached XP level 14. HP: 93/101 MP: 0/0
 17202 | Lair:1   | Reached skill level 6 in Throwing
 17431 | Lair:1   | Reached skill level 10 in Spellcasting
 17431 | Lair:1   | Reached skill level 10 in Conjurations
 17431 | Lair:1   | Reached skill level 10 in Hexes
 17431 | Lair:1   | Reached skill level 10 in Summonings
 17431 | Lair:1   | Reached skill level 10 in Necromancy
 17431 | Lair:1   | Reached skill level 10 in Translocations
 17431 | Lair:1   | Reached skill level 10 in Transmutations
 17431 | Lair:1   | Reached skill level 10 in Fire Magic
 17431 | Lair:1   | Reached skill level 10 in Ice Magic
 17431 | Lair:1   | Reached skill level 10 in Air Magic
 17431 | Lair:1   | Reached skill level 10 in Earth Magic
 17431 | Lair:1   | Reached skill level 10 in Poison Magic
 18877 | Lair:2   | Reached skill level 9 in Shields
 19145 | Lair:2   | Found a staircase to the Snake Pit.
 20846 | Lair:3   | Reached skill level 10 in Evocations
 21115 | Lair:3   | Reached skill level 10 in Fighting
 21115 | Lair:3   | Reached skill level 11 in Dodging
 21284 | Lair:3   | Reached XP level 15. HP: 86/107 MP: 0/0
 21284 | Lair:3   | Learned a level 6 spell: Starburst
 21580 | Lair:3   | Found a staircase to the Shoals.
 22207 | Lair:4   | Reached skill level 11 in Spellcasting
 22207 | Lair:4   | Reached skill level 11 in Conjurations
 22207 | Lair:4   | Reached skill level 11 in Hexes
 22207 | Lair:4   | Reached skill level 11 in Summonings
 22207 | Lair:4   | Reached skill level 11 in Necromancy
 22207 | Lair:4   | Reached skill level 11 in Translocations
 22207 | Lair:4   | Reached skill level 11 in Transmutations
 22207 | Lair:4   | Reached skill level 11 in Fire Magic
 22207 | Lair:4   | Reached skill level 11 in Ice Magic
 22207 | Lair:4   | Reached skill level 11 in Air Magic
 22207 | Lair:4   | Reached skill level 11 in Earth Magic
 22207 | Lair:4   | Reached skill level 11 in Poison Magic
 22361 | Lair:4   | Reached skill level 10 in Shields
 22595 | Lair:4   | HP: 2/109 [six-headed hydra (10)]
 22910 | Lair:4   | HP: 10/109 [rime drake/icy flash freeze (18)]
 23089 | Lair:4   | Found a staircase to the Slime Pits.
 23090 | Lair:4   | Found a viscous altar of Jiyva.
 23181 | Lair:4   | Reached skill level 11 in Evocations
 23358 | Lair:4   | Reached skill level 12 in Dodging
 23593 | Lair:4   | Reached skill level 11 in Fighting
 23958 | Lair:4   | Bought a scroll of identify for 26 gold pieces
 23958 | Lair:4   | Bought a scroll of identify for 26 gold pieces
 23958 | Lair:4   | Bought a scroll of identify for 26 gold pieces
 23958 | Lair:4   | Bought a scroll of identify for 26 gold pieces
 23958 | Lair:4   | Bought a scroll of identify for 26 gold pieces
 23958 | Lair:4   | Bought a scroll of identify for 26 gold pieces
 23959 | Lair:4   | Identified 2 potions of resistance
 23973 | Lair:5   | Entered Level 5 of the Lair of Beasts
 24145 | Lair:5   | Reached XP level 16. HP: 102/116 MP: 0/0
 24326 | Lair:5   | Reached skill level 1 in Armour
 25193 | Lair:5   | Reached skill level 2 in Armour
 25477 | D:13     | Found Bere Xao's Weapon Emporium.
 25626 | D:13     | Found Bytumi's Weapon Emporium.
 25891 | D:13     | Found a large runed translucent door.
 25891 | D:13     | Found a large runed translucent door.
 25892 | D:13     | Noticed comborobin's ghost (journeyman DEDe)
 25892 | D:13     | Found the +5 glaive of the Guard {elec, spectral, AC+5}
 25967 | D:13     | Found Oveloc's Antique Armour Boutique.
 25991 | D:13     | Bought a fine leather armour for 238 gold pieces
 25991 | D:13     | Identified the +1 leather armour "Ehes" {rElec rPois rC++
                  | MP-9} (You bought it in a shop on level 13 of the Dungeon)
 25991 | D:13     | Bought a glowing cloak for 255 gold pieces
 25991 | D:13     | Bought a glowing hat for 238 gold pieces
 26127 | D:13     | Found Zaesox's Jewellery Boutique.
 26292 | D:13     | Found Peixukly's Distillery.
 26295 | D:13     | Bought 2 potions of invisibility for 256 gold pieces
 26295 | D:13     | Bought a potion of heal wounds for 80 gold pieces
 26295 | D:13     | Bought a potion of brilliance for 64 gold pieces
 26295 | D:13     | Bought a potion of brilliance for 64 gold pieces
 26412 | D:13     | Reached skill level 11 in Shields
 26593 | D:13     | Noticed Maurice
 26600 | D:13     | Killed Maurice
 26650 | D:13     | Noticed Rupert
 26659 | D:13     | Killed Rupert
 26735 | D:13     | Killed comborobin's ghost
 26736 | D:13     | Reached skill level 3 in Armour
 26968 | D:14     | HP: 2/117 [enormous slime creature (72)]
 27237 | D:14     | Reached skill level 12 in Spellcasting
 27237 | D:14     | Reached skill level 12 in Conjurations
 27237 | D:14     | Reached skill level 12 in Hexes
 27237 | D:14     | Reached skill level 12 in Summonings
 27237 | D:14     | Reached skill level 12 in Necromancy
 27237 | D:14     | Reached skill level 12 in Translocations
 27237 | D:14     | Reached skill level 12 in Transmutations
 27237 | D:14     | Reached skill level 12 in Fire Magic
 27237 | D:14     | Reached skill level 12 in Ice Magic
 27237 | D:14     | Reached skill level 12 in Air Magic
 27237 | D:14     | Reached skill level 12 in Earth Magic
 27237 | D:14     | Reached skill level 12 in Poison Magic
 27491 | D:14     | Found a gate to the Vaults.
 27716 | D:14     | Noticed Kirke
 27724 | D:14     | Killed Kirke
 28014 | D:15     | Entered Level 15 of the Dungeon
 28234 | D:15     | Found a staircase to the Depths.
 28248 | D:15     | Reached skill level 4 in Armour
 28358 | D:15     | Reached XP level 17. HP: 66/123 MP: 0/0
 28358 | D:15     | Learned a level 7 spell: Ozocubu's Refrigeration
 28492 | D:15     | Reached skill level 13 in Dodging
 28494 | D:15     | Reached skill level 12 in Evocations
 28696 | D:15     | Reached skill level 12 in Fighting
 28896 | D:15     | Found a portal to a secret trove of treasure.
 29100 | D:15     | Found a snail-covered altar of Cheibriados.
 29396 | Depths:1 | Entered Level 1 of the Depths
 29725 | Shoals:1 | Entered Level 1 of the Shoals
 30025 | Shoals:1 | Found Puthemm's Antique Armour Emporium.
 30100 | Shoals:1 | Reached skill level 5 in Armour
 30146 | Shoals:1 | Bought a glowing cloak for 330 gold pieces
 30212 | Shoals:1 | Noticed Roxanne
 30838 | Shoals:2 | Found Nokimuis's Antique Weapon Boutique.
 31293 | Shoals:2 | Found a flickering gateway to a bazaar.
 31305 | Shoals:2 | Gained mutation: You sometimes lose your temper in combat.
                  | [mutagenic glow]
 31314 | Bazaar   | Entered a bazaar
 31314 | Bazaar   | Found Tobal's General Store.
 31314 | Bazaar   | Found Rageka's Weapon Boutique.
 31352 | Bazaar   | Bought a scroll of teleportation for 27 gold pieces
 31352 | Bazaar   | Bought a +2 helmet of intelligence for 193 gold pieces
 31374 | Bazaar   | Found Nedareu's Book Emporium.
 31426 | Bazaar   | Found Zaufodig's Weapon Shoppe.
 31559 | Shoals:2 | Found a runed translucent door.
 31559 | Shoals:2 | Noticed Mungiw's ghost (adept MiBe)
 31675 | Shoals:2 | Killed Mungiw's ghost
 31783 | Shoals:2 | Reached skill level 12 in Shields
 31792 | Shoals:2 | Noticed a titan
 31795 | Shoals:2 | Killed a titan
 32836 | Shoals:3 | Reached XP level 18. HP: 118/130 MP: 0/0
 33015 | Shoals:4 | Entered Level 4 of the Shoals
 33037 | Shoals:4 | Reached skill level 6 in Armour
 33473 | Shoals:4 | Reached skill level 13 in Spellcasting
 33473 | Shoals:4 | Reached skill level 13 in Conjurations
 33473 | Shoals:4 | Reached skill level 13 in Hexes
 33473 | Shoals:4 | Reached skill level 13 in Summonings
 33473 | Shoals:4 | Reached skill level 13 in Necromancy
 33473 | Shoals:4 | Reached skill level 13 in Translocations
 33473 | Shoals:4 | Reached skill level 13 in Transmutations
 33473 | Shoals:4 | Reached skill level 13 in Fire Magic
 33473 | Shoals:4 | Reached skill level 13 in Ice Magic
 33473 | Shoals:4 | Reached skill level 13 in Air Magic
 33473 | Shoals:4 | Reached skill level 13 in Earth Magic
 33473 | Shoals:4 | Reached skill level 13 in Poison Magic
 33553 | Shoals:4 | Paralysed by an air elemental for 1 turns
 33837 | Shoals:4 | Reached skill level 14 in Dodging
 33982 | Shoals:4 | Identified the +3 arbalest of the Howling Seeker {drain,
                  | rElec Int+4}
 33988 | Shoals:4 | Noticed a titan
 33992 | Shoals:4 | Killed a titan
 34079 | Shoals:4 | Got a barnacled rune of Zot
 34234 | Shoals:4 | Reached skill level 13 in Evocations
 34284 | Shoals:4 | Identified the +4 scimitar "Concordance" {flame, rCorr
                  | Dex+3}
 34284 | Shoals:4 | Identified the +3 leather armour "Esheotok" {Str-3 Int+5}
 34471 | Shoals:4 | Reached skill level 13 in Fighting
 34853 | Snake:1  | Entered Level 1 of the Snake Pit
 35045 | Snake:1  | Reached skill level 7 in Armour
 35301 | Snake:1  | Found Hutets's Antique Armour Shoppe.
 35301 | Snake:1  | Found Ecsu's Weapon Emporium.
 35317 | Snake:1  | Bought fading acid dragon scales for 1350 gold pieces
 35317 | Snake:1  | Identified the +1 acid dragon scales "Opem" {rCorr Stlth+}
                  | (You bought it in a shop on level 1 of the Snake Pit)
 35653 | Snake:1  | Reached XP level 19. HP: 28/138 MP: 0/0
 35653 | Snake:1  | Learned a level 6 spell: Leda's Unmaking
 36599 | Snake:2  | Identified a scarf of resistance
 36984 | Snake:2  | Reached skill level 13 in Shields
 37430 | Snake:2  | Identified the +1 cloak of Servitude {rF+ rC+}
 37996 | Snake:2  | Reached skill level 8 in Armour
 38653 | Snake:3  | Noticed Jorgrun
 38659 | Snake:3  | Killed Jorgrun
 38942 | Snake:3  | Reached skill level 15 in Dodging
 39036 | Snake:3  | Reached skill level 14 in Spellcasting
 39036 | Snake:3  | Reached skill level 14 in Conjurations
 39036 | Snake:3  | Reached skill level 14 in Hexes
 39036 | Snake:3  | Reached skill level 14 in Summonings
 39036 | Snake:3  | Reached skill level 14 in Necromancy
 39036 | Snake:3  | Reached skill level 14 in Translocations
 39036 | Snake:3  | Reached skill level 14 in Transmutations
 39036 | Snake:3  | Reached skill level 14 in Fire Magic
 39036 | Snake:3  | Reached skill level 14 in Ice Magic
 39036 | Snake:3  | Reached skill level 14 in Air Magic
 39036 | Snake:3  | Reached skill level 14 in Earth Magic
 39036 | Snake:3  | Reached skill level 14 in Poison Magic
 39309 | Snake:3  | Noticed Aizul
 39312 | Snake:3  | Killed Aizul
 39478 | Snake:4  | Entered Level 4 of the Snake Pit
 39684 | Snake:4  | Found a frozen archway.
 39718 | Snake:4  | Reached XP level 20. HP: 29/146 MP: 0/0
 39786 | IceCv    | Entered an ice cave
 39865 | IceCv    | Reached skill level 14 in Evocations
 40100 | IceCv    | Reached skill level 14 in Fighting
 40200 | IceCv    | Identified the ring of Urerghora {Fly rC+ Dex+4}
 40646 | Shoals:1 | Bought the +3 warlock's mirror {omnireflect} for 1760 gold
                  | pieces
 40646 | Shoals:1 | Found the +3 warlock's mirror {omnireflect}
 40684 | Shoals:1 | Killed Roxanne
 41135 | Snake:4  | Reached skill level 9 in Armour
 41835 | Snake:4  | Reached skill level 14 in Shields
 42034 | Snake:4  | Got a serpentine rune of Zot
 42349 | Vaults:1 | Entered Level 1 of the Vaults
 42524 | Vaults:1 | Identified a scroll of acquirement
 42532 | Vaults:1 | Acquired 515 gold pieces
 42550 | Vaults:1 | Noticed Asterion
 42553 | Vaults:1 | Killed Asterion
 42932 | Vaults:1 | Reached XP level 21. HP: 76/153 MP: 0/0
 42932 | Vaults:1 | Learned a level 7 spell: Storm Form
 43346 | Vaults:1 | Reached skill level 10 in Armour
 43589 | Vaults:1 | Reached skill level 16 in Dodging
 44261 | Vaults:1 | Reached skill level 15 in Shields
 44589 | Vaults:2 | Reached skill level 15 in Spellcasting
 44589 | Vaults:2 | Reached skill level 15 in Conjurations
 44589 | Vaults:2 | Reached skill level 15 in Hexes
 44589 | Vaults:2 | Reached skill level 15 in Summonings
 44589 | Vaults:2 | Reached skill level 15 in Necromancy
 44589 | Vaults:2 | Reached skill level 15 in Translocations
 44589 | Vaults:2 | Reached skill level 15 in Transmutations
 44589 | Vaults:2 | Reached skill level 15 in Fire Magic
 44589 | Vaults:2 | Reached skill level 15 in Ice Magic
 44589 | Vaults:2 | Reached skill level 15 in Air Magic
 44589 | Vaults:2 | Reached skill level 15 in Earth Magic
 44589 | Vaults:2 | Reached skill level 15 in Poison Magic
 44593 | Vaults:2 | Found a magical portal.
 44609 | WizLab   | Entered Lehudib's Moon Base
 44732 | WizLab   | Found a transporter.
 44908 | WizLab   | Reached skill level 15 in Evocations
 45109 | WizLab   | Gained mutation: You are frail. (-10% HP) [a cacodemon]
 45120 | WizLab   | Reached skill level 15 in Fighting
 45259 | WizLab   | Found the +3 pair of mountain boots {steadfast, rC+}
 45667 | WizLab   | Found a transporter.
 46037 | WizLab   | Reached XP level 22. HP: 94/144 MP: 0/0
 46135 | WizLab   | Identified the +5 rapier "Beastbane" {heavy, rPois Will+
                  | MP+9}
 46251 | Vaults:2 | Paralysed by a great orb of eyes for 3 turns
 46272 | Vaults:2 | Noticed Frederick
 46281 | Vaults:2 | Killed Frederick
 46332 | Vaults:2 | You are sucked into a shaft and drop 1 floor!
 46461 | Vaults:3 | Reached skill level 11 in Armour
 46560 | Vaults:3 | Reached skill level 16 in Shields
 46901 | Vaults:2 | Found Gozag's Antique Armour Shop.
 46918 | Vaults:2 | Found an opulent altar of Gozag.
 46926 | Vaults:2 | Found Gozag's Antique Armour Shop.
 46937 | Vaults:2 | Found Gozag's Antique Weapon Boutique.
 46940 | Vaults:2 | Bought a pair of glowing gloves for 750 gold pieces
 47996 | Vaults:3 | Reached skill level 17 in Dodging
 48198 | Vaults:3 | Found a staircase to the Crypt.
 48198 | Vaults:3 | Found a basalt altar of Yredelemnul.
 48691 | Vaults:4 | Reached XP level 23. HP: 147/151 MP: 0/0
 48691 | Vaults:4 | Learned a level 7 spell: Summon Hydra
 48982 | Vaults:4 | Reached skill level 17 in Shields
 49022 | Vaults:4 | Reached skill level 16 in Spellcasting
 49022 | Vaults:4 | Reached skill level 16 in Conjurations
 49022 | Vaults:4 | Reached skill level 16 in Hexes
 49022 | Vaults:4 | Reached skill level 16 in Summonings
 49022 | Vaults:4 | Reached skill level 16 in Necromancy
 49022 | Vaults:4 | Reached skill level 16 in Translocations
 49022 | Vaults:4 | Reached skill level 16 in Transmutations
 49022 | Vaults:4 | Reached skill level 16 in Fire Magic
 49022 | Vaults:4 | Reached skill level 16 in Ice Magic
 49022 | Vaults:4 | Reached skill level 16 in Air Magic
 49022 | Vaults:4 | Reached skill level 16 in Earth Magic
 49022 | Vaults:4 | Reached skill level 16 in Poison Magic
 49032 | Vaults:4 | Slain by a deep troll

Vanquished Creatures
  Frederick (Vaults:2)
  A moon troll (WizLab)
  Jorgrun (Snake:3)
  2 quicksilver dragons (WizLab)
  Asterion (Vaults:1)
  2 titans
  6 tentacled starspawn (WizLab)
  The ghost of Mungiw the Peltast, an adept MiBe of Trog (Shoals:2)
  2 thorn hunters (Snake:1)
  4 sphinxes
  Kirke (D:14)
  Roxanne (Shoals:1)
  2 fire giants
  16 vault wardens
  14 nagarajas (Snake:4)
  2 frost giants
  A draconian knight (IceCv)
  Aizul (Snake:3)
  An orc warlord (Vaults:3)
  2 cacodemons (WizLab)
  6 stone giants
  A war gargoyle (Vaults:3)
  10 very ugly things (WizLab)
  8 ironbound thunderhulks
  3 formless jellyfish
  5 white draconians (IceCv)
  12 ironbound preservers
  15 dire elephants
  2 crystal guardians
  7 great orbs of eyes
  5 merfolk javelineers (Shoals:4)
  11 merfolk impalers
  A deep elf high priest (Vaults:4)
  10 hydras
  4 yaktaur captains
  An entropy weaver (Vaults:1)
  Erolcha (D:11)
  2 peacekeepers (Vaults:3)
  4 salamander tyrants
  A rakshasa (Depths:1)
  The ghost of comborobin the Markself, a journeyman DEDe of Cheibriados (D:13)
  3 vault guards
  2 ogre magi
  3 catoblepae
  5 anacondas
  9 ironbound frosthearts
  8 centaur warriors
  4 two-headed ogres
  A merfolk avatar (Shoals:3)
  A death knight (D:15)
  An alligator snapping turtle (Shoals:4)
  16 naga warriors
  2 alligators (Snake:1)
  6 death yaks
  4 tengu warriors
  7 boulder beetles
  A deep troll shaman (Lair:5)
  12 naga sharpshooters
  4 merfolk aquamancers
  6 shock serpents
  A wretched star (WizLab)
  2 hell knights
  Urug (D:10)
  Amaemon (D:10)
  2 salamander mystics
  6 sea snakes
  6 skeletal warriors
  5 skysharks
  8 glowing orange brains
  3 spectral anacondas (Snake:2)
  7 wizards
  22 ironbound convokers
  25 slime creatures
  5 swamp dragons (Snake:1)
  3 naga ritualists (Snake:4)
  10 lindwurms
  An anaconda skeleton (Snake:2)
  2 orange crystal statues
  28 deep trolls
  6 orc knights
  9 harpies
  A necromancer (D:14)
  5 mana vipers
  2 deep elf pyromancers (D:12)
  An oklob plant (Lair:5)
  17 cyclopes
  23 salamanders
  38 ugly things
  4 starcursed masses (WizLab)
  6 fauns (Shoals:1)
  10 manticores
  24 elephants
  25 naga magi
  13 vault sentinels
  A black mamba (shapeshifter) (D:14)
  5 merfolk sirens
  11 guardian serpents
  Maurice (D:13)
  36 black mambas
  8 eyes of devastation (WizLab)
  2 gargoyles (D:12)
  An orange demon (D:10)
  7 water nymphs
  Maggie (D:6)
  An unseen horror (D:12)
  A spectral sea snake (Snake:2)
  6 komodo dragons
  18 yaktaurs
  11 cane toads
  A freezing wraith (D:15)
  6 storm dragon simulacra (IceCv)
  7 rime drakes
  2 tengu conjurers
  3 anaconda simulacra (Snake:2)
  3 golden dragon simulacra (IceCv)
  3 polar bears
  7 wind drakes
  7 trolls
  23 merfolk
  3 meliai (D:15)
  A spectral guardian serpent (Snake:2)
  2 nameless horrors
  18 blink frogs
  A tyrant leech (Snake:1)
  A dream sheep (shapeshifter) (D:15)
  A hornet (Lair:1)
  4 dream sheep
  12 snapping turtles
  Sigmund (D:3)
  6 wraiths
  4 air elementals (Shoals:4)
  2 shadows
  8 hogs
  28 water elementals
  40 yaks
  3 golden eyes (WizLab)
  14 wyverns
  A steam dragon (D:10)
  13 basilisks
  A human (D:11)
  3 redbacks (Vaults:1)
  2 neqoxecs (WizLab)
  5 vampire mosquitoes
  A sea snake simulacrum (Snake:2)
  45 nagas
  4 swamp worms (Snake:1)
  2 acid dragons
  17 water moccasins
  A hell hound (Lair:4)
  A naga skeleton (Snake:2)
  A swamp drake (Snake:1)
  3 guardian serpent simulacra (Snake:2)
  14 orc warriors
  A sky beast (D:8)
  2 ice beasts
  2 black bears
  9 ice dragon simulacra (IceCv)
  4 boggarts (Vaults:1)
  12 centaurs
  28 wolves
  5 ogres
  2 phantoms (D:6)
  12 bullfrogs
  A gnoll sergeant (D:10)
  2 scorpions (D:5)
  13 wights
  14 killer bees
  3 lindwurm simulacra (IceCv)
  2 spectral nagas (Snake:2)
  8 electric eels
  3 howler monkeys
  8 hounds
  7 jellies
  14 orc priests
  5 sleepcaps
  Natasha (thrice) (D:2)
  3 iguanas
  19 orc wizards
  4 hell rats (Lair:4)
  11 gnolls
  7 adders
  A naga simulacrum (Snake:2)
  3 white imps
  An ufetubus (D:7)
  7 worms
  2 dart slugs
  87 orcs
  6 endoplasms
  5 giant cockroaches
  9 goblins
  7 hobgoblins
  3 quokkas
  8 ball pythons
  2 bats (D:1)
  2 frilled lizards (D:3)
  2 kobolds (D:2)
  6 rats
  5 starspawn tentacles (WizLab)
1384 creatures vanquished.

Vanquished Creatures (collateral kills)
  Rupert (D:13)
  The ghost of Mihiasuf the Geomancer, a journeyman MeEE of Hepliaklqana (Lair:1)
  A hydra (Lair:5)
  A tengu warrior (D:11)
  3 death yaks (Lair:3)
  A spectral anaconda (Snake:2)
  An ugly thing (D:12)
  14 elephants
  A black mamba (Lair:2)
  2 cane toads (Lair:4)
  A rime drake (Lair:4)
  A polar bear (Lair:3)
  4 blink frogs
  A dream sheep (Lair:3)
  2 slime creatures (D:14)
  3 basilisks
  A wyvern (Lair:4)
  A yak (Lair:3)
  3 water moccasins
  4 wolves
  A bullfrog (Lair:4)
  An electric eel (D:11)
  2 hell rats (Lair:4)
51 creatures vanquished.

Vanquished Creatures (others)
  A naga warrior (Snake:3)
  5 starspawn tentacles (WizLab)
6 creatures vanquished.

Grand Total: 1441 creatures vanquished

Table legend: (Time is in decaauts)
 A = Elapsed time spent in this place.
 B = Non-inter-level travel time spent in this place.
 C = Inter-level travel time spent in this place.
 D = Time resting spent in this place.
 E = Time spent auto-exploring this place.
 F = Levels seen in this place.
 G = Mean time per level.
                   A        B        C        D        E       F      G
               +--------+--------+--------+--------+--------+-----+--------+
         Total |  49051 |  46303 |   2748 |   2426 |  36720 |  38 | 1290.8 |
       Dungeon |  19958 |  18944 |   1014 |   1005 |  15346 |  15 | 1330.5 |
        Temple |    277 |    191 |     86 |      0 |    185 |   1 |  277.0 |
          Lair |   8901 |   8402 |    499 |    922 |   5930 |   5 | 1780.2 |
        Shoals |   5042 |   4741 |    301 |    136 |   3918 |   4 | 1260.5 |
     Snake Pit |   6539 |   5969 |    570 |    115 |   5031 |   4 | 1634.8 |
        Vaults |   5105 |   4854 |    251 |      0 |   4099 |   4 | 1276.2 |
        Depths |    198 |    173 |     25 |    107 |      5 |   1 |  198.0 |
        Bazaar |    146 |    146 |      0 |      0 |    118 |   1 |  146.0 |
        Bailey |    665 |    665 |      0 |    139 |    374 |   1 |  665.0 |
      Ice Cave |    637 |    637 |      0 |      2 |    501 |   1 |  637.0 |
        Wizlab |   1577 |   1577 |      0 |      0 |   1213 |   1 | 1577.0 |
               +--------+--------+--------+--------+--------+-----+--------+

Top non-repeatable levels by time:
  Lair:1: 2407 daAuts
    D:12: 2370 daAuts
Vaults:1: 2222 daAuts
    D:11: 2062 daAuts
  Lair:4: 2061 daAuts
 Snake:2: 1960 daAuts
 Snake:1: 1950 daAuts
  Lair:2: 1738 daAuts
    D:10: 1717 daAuts
     D:8: 1646 daAuts
Shoals:4: 1645 daAuts
     D:9: 1609 daAuts
     D:5: 1583 daAuts
  WizLab: 1577 daAuts
 Snake:4: 1543 daAuts

Table legend:
 A = Non-vault XP
 B = Vault XP
 C = Vault XP percentage of total XP
 D = Non-vault monster count
 E = Vault monster count
 F = Vault count percentage of total count
                 A         B        C        D         E       F
            +---------+---------+-------+---------+---------+-------
      Total |  322368 |  287214 |  47.1 |     893 |     536 |  37.5
            +---------+---------+-------+---------+---------+-------
        D:1 |      28 |       0 |   0.0 |      16 |       0 |   0.0
        D:2 |     114 |      36 |  24.0 |      21 |       1 |   4.5
        D:3 |      46 |     223 |  82.9 |      17 |       1 |   5.6
        D:4 |     319 |       0 |   0.0 |      21 |       0 |   0.0
        D:5 |     809 |      82 |   9.2 |      15 |       2 |  11.8
        D:6 |     605 |     404 |  40.0 |      20 |       1 |   4.8
        D:7 |    1061 |      10 |   0.9 |      29 |       5 |  14.7
        D:8 |    3296 |       0 |   0.0 |      32 |       0 |   0.0
        D:9 |    3826 |     799 |  17.3 |      35 |       9 |  20.5
       D:10 |    2743 |    1960 |  41.7 |      27 |       3 |  10.0
       D:11 |    7293 |    1855 |  20.3 |      41 |       6 |  12.8
       D:12 |    3489 |    7259 |  67.5 |       8 |      37 |  82.2
       D:13 |    9230 |    3124 |  25.3 |      26 |       3 |  10.3
       D:14 |    9785 |    3602 |  26.9 |      19 |       9 |  32.1
       D:15 |   17939 |    1119 |   5.9 |      43 |       1 |   2.3
     Lair:1 |    4521 |    4340 |  49.0 |      22 |      12 |  35.3
     Lair:2 |    5613 |    6987 |  55.5 |      22 |      20 |  47.6
     Lair:3 |   13472 |       0 |   0.0 |      43 |       0 |   0.0
     Lair:4 |   13787 |   13973 |  50.3 |      35 |      47 |  57.3
     Lair:5 |    8758 |    6400 |  42.2 |      26 |      14 |  35.0
   Shoals:1 |   11882 |    1345 |  10.2 |      24 |       1 |   4.0
   Shoals:2 |    6653 |    8656 |  56.5 |      14 |      10 |  41.7
   Shoals:3 |    9317 |       0 |   0.0 |      21 |       0 |   0.0
   Shoals:4 |   11034 |   25177 |  69.5 |      23 |      54 |  70.1
    Snake:1 |   16317 |   11994 |  42.4 |      35 |      20 |  36.4
    Snake:2 |   22696 |    6492 |  22.2 |      49 |      18 |  26.9
    Snake:3 |   19272 |    7284 |  27.4 |      36 |      10 |  21.7
    Snake:4 |   18346 |   33146 |  64.4 |      36 |      45 |  55.6
   Vaults:1 |   41881 |   17183 |  29.1 |      57 |      23 |  28.8
   Vaults:2 |   21004 |   23705 |  53.0 |      30 |      23 |  43.4
   Vaults:3 |   20853 |   23469 |  53.0 |      26 |      30 |  53.6
   Vaults:4 |   11289 |   14747 |  56.6 |      17 |      19 |  52.8
   Depths:1 |    3738 |       0 |   0.0 |       4 |       0 |   0.0
     Bailey |       0 |    1624 | 100.0 |       0 |      28 | 100.0
      IceCv |       0 |   11514 | 100.0 |       0 |      28 | 100.0
     WizLab |    1352 |   48705 |  97.3 |       3 |      56 |  94.9
            +---------+---------+-------+---------+---------+-------
